 Dungeon Crawl Stone Soup version 0.29.0-15-g675c0067aa (webtiles) character file.

Game seed: 18091250428790148173

247860 quinnr the Devastator (level 19, -6/116 HPs)
             Began as a Tengu Conjurer on Sept 11, 2022.
             Was a High Priest of Vehumet.
             Killed from afar by a starcursed mass (8 damage)
             ... with an accursed screaming
             ... on level 3 of the Abyss.
             The game lasted 03:07:45 (73164 turns).

quinnr the Devastator (Tengu Conjurer)             Turns: 73164, Time: 03:07:46

Health: -6/116     AC: 10    Str:  1    XL:     19   Next: 55%
Magic:  7/38       EV: 28    Int: 30    God:    Vehumet [*****.]
Gold:   1878       SH:  0    Dex: 14    Spells: 2/46 levels left

rFire   . . .      SeeInvis .   Z - +6 quick blade "Kedius" {flame, rElec rC+ rN+ Will+}
rCold   + + +      Faith    .   f - orb {light}
rNeg    + + +      Spirit   .   U - +3 robe of the Maze {rC+ rN+ Str-5 Int+4}
rPois   .          Reflect  .   D - +0 hat of Touff {+Blink rN+ Dex+4 Stlth+}
rElec   +          Harm     .   X - +2 cloak {rC+}
rCorr   .          Rampage  .   V - +2 pair of gloves {Str+3}
Will    ++...      Rage     9%  (boots unavailable)
Stlth   ++........              z - amulet of the acrobat
HPRegen 0.29/turn               E - +4 ring of evasion
MPRegen 0.26/turn               N - ring of positive energy

@: brilliant, flying quickly and evasively, glowing, studying Polearms, unable
to drink, quick
A: beak, talons 3, nimble flight, [berserk 2], [clumsy 2], [deformed body],
[deterioration 2], ([teleportitis 1]), [weak 2], [no potion heal 1], [inability
to drink after injury 1]
}: 2/15 runes: barnacled, gossamer
a: Renounce Religion, Evoke Blink


You were on level 3 of the Abyss.
You worshipped Vehumet.
Vehumet was extremely pleased with you.
You visited 7 branches of the dungeon, and saw 32 of its levels.
You visited the Abyss 1 time.
You also visited: Ice Cave.

You collected 3801 gold pieces.
You spent 1923 gold pieces at shops.


Innate Abilities, Weirdness & Mutations

You have a beak for a mouth.
You have claws for feet.
Your magical nature lets you fly swiftly and evasively.
[You have an uncontrollable temper.]
[You are very clumsy. (Dex -4)]
[Armour fits poorly on your strangely shaped body.]
[Your body often deteriorates upon taking damage.]
[((You are occasionally teleported next to monsters.))]
[You are very weak. (Str -4)]
[Potions are less effective at restoring your health.]
[You occasionally lose the ability to drink potions when taking damage.]


   Skills:
 - Level 12.0 Fighting
 - Level 10.0 Short Blades
 - Level 3.0 Armour
 - Level 16.0 Dodging
 - Level 7.0 Stealth
 - Level 14.0 Spellcasting
 + Level 17.8 Conjurations
 - Level 10.0 Summonings
 - Level 7.0 Translocations
 + Level 16.8 Fire Magic
 - Level 5.0 Evocations


You had 2 spell levels left.
You knew the following spells:

 Your Spells              Type           Power      Damage    Failure   Level
f - Fireball              Conj/Fire      56%        3d22      1%          5
i - Iskenderun's Battles  Conj           100%       2d15      1%          5
l - Lightning Bolt        Conj/Air       42%        1d61      1%          5
m - Magic Dart            Conj           100%       1d8       0%          1
p - Spellforged Servitor  Conj/Summ      51%        N/A       1%          7
s - Searing Ray           Conj           100%       2d8       0%          2
t - Fire Storm            Conj/Fire      56%        8d14      43%         9
B - Blink                 Tloc           100%       N/A       1%          2
X - Iskenderun's Mystic   Conj/Tloc      97%        2d19      1%          4
Y - Flame Wave            Conj/Fire      100%       2d21      0%          4

Your spell library contained the following spells:

 Spells                   Type           Power      Damage    Failure   Level
 Chain Lightning          Conj/Air       42%        3d56      100%        9
 Shatter                  Erth           15%        3d15*     100%        9
 Apportation              Tloc           100%       N/A       1%          1
 Summon Small Mammal      Summ           100%       N/A       1%          1
 Poisonous Vapours        Pois/Air       62%        N/A       1%          2
 Necrotise                Necr           100%       1d9       2%          1
 Sting                    Tmut/Pois      100%       1d8       2%          1
 Ensorcelled Hibernation  Hex/Ice        62%        N/A       3%          2
 Passwall                 Tmut/Erth      25%        N/A       3%          2
 Sublimation of Blood     Necr           31%        N/A       3%          2
 Wereblood                Tmut           31%        N/A       3%          2
 Dazzling Flash           Conj/Hex       100%       N/A       1%          3
 Lesser Beckoning         Tloc           76%        N/A       1%          3
 Portal Projectile        Hex/Tloc       100%       N/A       1%          3
 Fulminant Prism          Conj/Hex       42%        3d20      1%          4
 Passage of Golubria      Tloc           76%        N/A       1%          4
 Freezing Cloud           Conj/Ice/Air   35%        6-21      1%          5
 Irradiate                Conj/Tmut      42%        3d25      1%          5
 Summon Forest            Summ/Tloc      41%        N/A       1%          5
 Starburst                Conj/Fire      56%        6d15      1%          6
 Orb of Destruction       Conj           56%        9d14      1%          7
 Conjure Ball Lightning   Conj/Air       42%        3x3d15    2%          6
 Iron Shot                Conj/Erth      42%        9d8       2%          6
 Manifold Assault         Tloc           76%        N/A       3%          5
 Ignition                 Fire           55%        3d15      4%          8
 Olgreb's Toxic Radiance  Pois           31%        N/A       6%          4
 Ozocubu's Armour         Ice            31%        N/A       7%          3
 Swiftness                Air            31%        N/A       7%          3
 Tukima's Dance           Hex            31%        N/A       7%          3
 Lee's Rapid Deconstruct  Erth           15%        3d11*     17%         5
 Yara's Violent Unravell  Hex/Tmut       15%        3d8       17%         5
 Animate Dead             Necr           31%        N/A       22%         4
 Petrify                  Tmut/Erth      31%        N/A       22%         4
 Summon Hydra             Summ           44%        N/A       32%         7
 Agony                    Necr           31%        N/A       54%         5
 Blade Hands              Tmut           15%        N/A       54%         5
 Borgnjor's Vile Clutch   Necr/Erth      15%        N/A       54%         5
 Silence                  Hex/Air        15%        N/A       54%         5
 Eringya's Noxious Bog    Tmut/Pois      15%        N/A       63%         6
 Death Channel            Necr           15%        N/A       98%         6
 Simulacrum               Ice/Necr       15%        N/A       98%         6
 Statue Form              Tmut/Erth      20%        N/A       98%         6
 Ozocubu's Refrigeration  Ice            15%        4d10      98%         7
 Polar Vortex             Ice            15%        N/A       100%        9

Inventory:

Hand Weapons
 W - the +2 short sword of Watchfulness {vamp, rPois}
   (You found it on level 4 of the Dungeon)

   It occasionally heals its wielder for a portion of the damage dealt when it
   wounds a living foe.
   rPois:     It protects you from poison.
 Z - the +6 quick blade "Kedius" (weapon) {flame, rElec rC+ rN+ Will+}
   (You acquired it on level 12 of the Dungeon)

   It burns those it strikes, dealing additional fire damage.
   rC:        It protects you from cold.
   rElec:     It insulates you from electricity.
   rN:        It protects you from negative energy.
   Will:      It increases your willpower.
Armour
 f - an orb of light (worn)
 D - the +0 hat of Touff (worn) {+Blink rN+ Dex+4 Stlth+}
   (You found it on level 4 of the Spider Nest)

   Dex:       It affects your dexterity (+4).
   rN:        It protects you from negative energy.
   +Blink:    It lets you blink.
   Stlth:     It makes you more stealthy.
 Q - a +2 robe of resistance
 U - the +3 robe of the Maze (worn) {rC+ rN+ Str-5 Int+4}
   (You found it on level 3 of the Lair of Beasts)

   Str:       It affects your strength (-5).
   Int:       It affects your intelligence (+4).
   rC:        It protects you from cold.
   rN:        It protects you from negative energy.
 V - a +2 pair of gloves of strength (worn)
 X - a +2 cloak of cold resistance (worn)
Magical Staves
 g - a staff of air {!a}
 j - a staff of fire {!a}
 o - a staff of death {!a}
 F - a staff of poison {!a}
 I - a staff of cold {!a}
Jewellery
 v - a ring of see invisible
 z - an amulet of the acrobat (around neck)
 E - a +4 ring of evasion (left hand)
 N - a ring of positive energy (right hand)
 R - a ring of resist corrosion
Wands
 a - a wand of roots (2)
 c - a wand of mindburst (5)
 p - a wand of polymorph (14)
 r - a wand of flame (18)
 M - a wand of charming (12)
 S - a wand of digging (13)
Scrolls
 k - 3 scrolls of fear
 m - 8 scrolls of immolation
 t - a scroll of enchant armour
 u - 2 scrolls of enchant weapon
 w - 2 scrolls of amnesia
 x - 10 scrolls of teleportation {@r2}
 y - 8 scrolls of magic mapping
 H - 4 scrolls of poison
 K - 4 scrolls of butterflies
Potions
 b - 11 potions of ambrosia
 d - 3 potions of brilliance
 e - 8 potions of haste {@q3}
 h - a potion of cancellation
 n - 7 potions of curing {@q1}
 q - 2 potions of lignification
 s - 6 potions of mutation
 B - 6 potions of might
 J - a potion of resistance
 O - 2 potions of berserk rage {!q}
Miscellaneous
 P - a condenser vane (inert)
 T - a lightning rod (inert)
 Y - a phantom mirror (inert)

Dungeon Overview and Level Annotations

Branches:
Dungeon (15/15)            Temple (1/1) D:6            Lair (5/5) D:11
 Shoals (4/4) Lair:2       Spider (4/4) Lair:3        Slime (0/5) Lair:4
    Orc (2/2) D:12            Elf (0/3) Orc:2        Vaults (1/5) D:13
 Depths (0/4) D:15          IceCv (visited)

Altars:
Ashenzari
Cheibriados
Gozag
Okawaru
Ru
Sif Muna
Uskayaw
Vehumet
Wu Jian
Zin
Jiyva

Shops:
D:5 ?   D:14 (   D:15 *   Orc:1 *   Orc:2 *[:

Portals:
Pandemonium: Orc:2

Annotations:
D:14 2 transporters

#. # # #### ## .# ..
.....# #######'# ..
. ....######.......
. ..
.#.#...X§##....d....
... .
.▓.###XX'....#.... .


x.b ▒▓ ▒⌠##......... ..XX ▒ ░ ▒▒§#.@.▒.. ..▓ ▒ ▒.#......... # ✱ ▒░########## ▒
✱. .. ▒. XX.. φ▒. ▓ . # You could see a starcursed mass, a white draconian and a
large abomination.


Message History

The chaos spawn is severely wounded.
Your attack snaps the chaos spawn out of its fear.
The chaos spawn is knocked back by the mystic blast.
The chaos spawn slams into the crystal wall!
You kill the chaos spawn!
Vehumet accepts your kill.
You feel your power returning.
The chaos spawn degenerates into a cloud of primal chaos!
The mystic blast hits the large abomination!
The large abomination is moderately damaged.
The large abomination completely misses you.
Unknown command.
Unknown command.
Really fly into that cloud of seething chaos?
Okay, then.
Unknown command.
Okay, then.
Casting: Iskenderun's Mystic Blast (safe; 1% risk of failure)
Confirm with . or Enter, or press ? or * to list all spells.
You feel a surge of power!
You blink.
A chorus of shrieks assaults your mind.
* * * LOW HITPOINT WARNING * * *
The starcursed mass completely misses you.
Unknown command.
Unknown command.
Casting: Blink (safe; 1% risk of failure)
Confirm with . or Enter, or press ? or * to list all spells.
You feel a surge of power!
You blink.
The starcursed mass shrieks in your mind.
You die...

Skill      XL: |  1  2  3  4  5  6  7  8  9 10 11 12 13 14 15 16 17 18 19 |
---------------+----------------------------------------------------------+-----
Dodging        | 3 4 5 7 8 9 10 12 14 16 | 16.0
Conjurations   | 6 7 8 10 11 12 14 15 16 17 | 17.8
Spellcasting   | 3 4 5 7 8 9 11 13 14 | 14.0
Translocations | 1 2 3 4 5 7 |  7.0
Stealth        | 3 4 6 7 |  7.0
Fighting       | 2 4 5 6 7 8 9 10 12 | 12.0
Evocations     | 4 5 |  5.0
Armour         | 3 |  3.0
Fire Magic     | 5 7 8 10 14 16 | 16.8
Short Blades   | 3 9 10 | 10.0
Summonings     | 9 10 | 10.0

Action                   |  1- 3 |  4- 6 |  7- 9 | 10-12 | 13-15 | 16-18 | 19-21 || total
-------------------------+-------+-------+-------+-------+-------+-------+-------++-------
Melee: Dagger            |       |     6 |    20 |    40 |   162 |       |       ||   228
       Kick              |       |     3 |     3 |    12 |    37 |    19 |    19 ||    93
       Peck              |       |     1 |     1 |    11 |    25 |    12 |    12 ||    62
       Staff             |       |       |       |       |    14 |       |       ||    14
       Quick blade       |       |       |       |       |     4 |    39 |       ||    43
       Punch             |       |       |       |       |     1 |     1 |       ||     2
       Unarmed           |       |       |       |       |    18 |       |       ||    18
       Short sword       |       |       |       |       |       |       |    23 ||    23
 Cast: Magic Dart        |    75 |    46 |   156 |   224 |   164 |   113 |    33 ||   811
       Searing Ray       |     2 |    16 |    45 |   133 |    94 |    55 |     8 ||   353
       Blink             |       |       |     5 |     4 |     7 |     2 |     2 ||    20
       Iskenderun's Myst |       |       |    12 |    65 |    58 |    77 |    10 ||   222
       Manifold Assault  |       |       |       |     5 |    46 |       |       ||    51
       Fireball          |       |       |       |    15 |   286 |   373 |    50 ||   724
       Lightning Bolt    |       |       |       |       |   152 |    81 |     9 ||   242
       Flame Wave        |       |       |       |       |     4 |     6 |       ||    10
       Iskenderun's Batt |       |       |       |       |    25 |    52 |    14 ||    91
       Spellforged Servi |       |       |       |       |     3 |    89 |    20 ||   112
Evoke: Wand              |       |       |     6 |    42 |     9 |    19 |    15 ||    91
       Lightning rod     |       |       |       |       |     5 |    18 |     8 ||    31
       Phantom mirror    |       |       |       |       |       |       |     2 ||     2
       Condenser vane    |       |       |       |       |       |       |     2 ||     2
  Use: Scroll            |       |     3 |     2 |     5 |    24 |     4 |    13 ||    51
       Potion            |       |       |     1 |     7 |     2 |     2 |    14 ||    26
 Stab: Sleeping          |       |       |     1 |       |     1 |     2 |       ||     4
Armor: Robe              |       |     3 |    12 |    16 |    77 |    76 |    26 ||   210
       Skin              |       |       |       |     9 |       |       |       ||     9
       Leather armour    |       |       |       |     9 |       |       |       ||     9
Dodge: Dodged            |     6 |    21 |    91 |   347 |   457 |   412 |   196 ||  1530

Levels and vault maps discovered:
D:1:      psy_arrival_dodecagon, layout_basic, minmay_misc_feat_diagonals
D:2:      layout_rooms
D:3:      layout_basic, minitemple, grunt_decor_cap, uniq_terence
D:4:      layout_basic, nicolae_ashenzari_skybound,
          chequers_serial_rivers_small_3
D:5:      layout_basic, serial_shops, shop_fountains, kennysheep_generic_room_11
D:6:      layout_gridville, minmay_temple_entry_waves, grunt_decor_fettered,
          due_unseen_surprise, uniq_grinder
D:7:      layout_basic, chequers_serial_rivers_small_a, minmay_holes,
          uniq_prince_ribbit1
D:8:      layout_rooms, uniq_maurice
D:9:      layout_loops_ring, lightli_fourway_metalbox
D:10:     layout_stronghold, uniq_harold, uniq_joseph, uniq_nergalle
D:11:     layout_rooms, lair_entry_dummy
D:12:     layout_roguey, orc_0_dummy, serial_demonic, serial_demonic_c,
          serial_demonic_f, serial_demonic_a, serial_demonic_f,
          serial_demonic_b, grunt_gozag_breadcrumbs, uniq_sonja
D:13:     layout_roguey, skrybe_vaults_entry_preservation,
          lightli_elemental_guards
D:14:     layout_big_octagon, minivault_25, serial_shops,
          nicolae_shop_bloodbath_and_beyond, nicolae_diode_intersection,
          uniq_rupert, uniq_kirke
D:15:     gammafunk_enter_depths_forms, layout_basic, nicolae_alphabet_shops
Temple:   nicolae_temple_figure_eight
Lair:1:   layout_hall_layers, worms_lemuel, infiniplex_staircase_pool_2,
          grunt_megastairs_3, lemuel_fruit_fields
Lair:2:   layout_roguey, elwin_shoals_entry_rooms, uniq_amaemon
Lair:3:   layout_regular_city, nicolae_spider_entry_non_spiders,
          grunt_megastairs_5, uniq_josephine
Lair:4:   layout_cave_pods, minmay_slime_entry_pillars,
          portal_ice_cave_entry_imps, serial_bayou_shore_b, grunt_megastairs_4
Lair:5:   minmay_lair_end_frog_pond, layout_layer_cave
Shoals:1: layout_shoals
Shoals:2: layout_shoals, uniq_roxanne
Shoals:3: layout_shoals
Shoals:4: shoals_end_simple, layout_shoals, shoals_ilsuiw_ice, uniq_polyphemus
Spider:1: layout_spider_delve, uniq_azrael
Spider:2: layout_spider_delve, special_room [special_room_bee],
          nicolae_arachne_temple
Spider:3: layout_spider_delve, nicolae_spider_claw_tunnel
Spider:4: grunt_spider_rune_circles
Orc:1:    layout_diamond_mine, nicolae_orc_rockfall,
          nicolae_shop_overcharged_wands
Orc:2:    pf_orc_diabolical, layout_caves
Vaults:1: vaults_room_door_hall, ontoclasm_vaults_tryst, ontoclasm_vaults_pinch,
          nicolae_vaults_know_your_exits, nicolae_vaults_circle_grid_a,
          ontoclasm_vaults_idyll, nicolae_vaults_what_the_h,
          grunt_vaults_hallway_short, nicolae_vaults_network_quinsquares
          [nicolae_vaults_network_quincunx_subvault,
          nicolae_vaults_network_quincunx_subvault,
          nicolae_vaults_network_quincunx_subvault,
          nicolae_vaults_network_quincunx_subvault],
          nicolae_vaults_angled_halls, layout_vaults_big_room, serial_shops,
          bzr_entry_dummy
Abyss:3:  base: D:13, grunt_abyss_exit_deep_breaths, evilmike_abyss_exit_5,
          guppyfry_abyss_exit_glass_guarded, hangedman_classic_abyss_death,
          nicolae_abyss_rune_star_stuff, nicolae_abyss_rune_star_stuff

Notes
Turn   | Place    | Note
-------+----------+-------------------------------------------
     0 | D:1      | quinnr the Tengu Conjurer began the quest for the Orb.
     0 | D:1      | Reached XP level 1. HP: 10/10 MP: 4/4
   226 | D:1      | Reached XP level 2. HP: 15/15 MP: 3/6
   883 | D:1      | Reached XP level 3. HP: 19/19 MP: 3/7
  1581 | D:2      | Reached skill level 3 in Dodging
  1870 | D:3      | Reached skill level 6 in Conjurations
  1924 | D:3      | Learned a level 2 spell: Searing Ray
  1932 | D:3      | Noticed Terence
  1955 | D:3      | Killed Terence
  1956 | D:3      | Reached XP level 4. HP: 13/24 MP: 0/9
  2533 | D:3      | Reached skill level 3 in Spellcasting
  2554 | D:3      | Learned a level 2 spell: Blink
  2624 | D:3      | Found a shimmering blue altar of Sif Muna.
  2792 | D:3      | Found a sacrificial altar of Ru.
  2796 | D:3      | Found a radiant altar of Vehumet.
  2796 | D:3      | Found an iron altar of Okawaru.
  2798 | D:3      | Found a hide-covered altar of Uskayaw.
  2799 | D:3      | Found a snail-covered altar of Cheibriados.
  2800 | D:3      | Found an ornate altar of the Wu Jian Council.
  2801 | D:3      | Found a glowing silver altar of Zin.
  2804 | D:3      | Became a worshipper of Vehumet
  3010 | D:4      | Identified the +2 short sword of Watchfulness {vamp, rPois}
  3014 | D:4      | Found a broken altar of Ashenzari.
  3249 | D:4      | Gained mutation: Your magical nature lets you fly swiftly
                  | and evasively. [Tengu growth]
  3249 | D:4      | Reached XP level 5. HP: 28/28 MP: 4/10
  3613 | D:4      | Reached skill level 4 in Dodging
  3613 | D:4      | Reached skill level 1 in Translocations
  3906 | D:5      | Entered Level 5 of the Dungeon
  3929 | D:4      | Reached skill level 3 in Stealth
  3929 | D:4      | Reached XP level 6. HP: 32/32 MP: 2/11
  4082 | D:5      | Found Cicynkai's Magic Scroll Emporium.
  4094 | D:5      | Bought a scroll of identify for 28 gold pieces
  4094 | D:5      | Bought a scroll of teleportation for 42 gold pieces
  4094 | D:5      | Bought a scroll of magic mapping for 105 gold pieces
  4119 | D:5      | Reached skill level 7 in Conjurations
  4568 | D:5      | Learned a level 4 spell: Iskenderun's Mystic Blast
  4839 | D:5      | Reached skill level 2 in Translocations
  4839 | D:5      | Reached XP level 7. HP: 36/36 MP: 7/12
  5207 | D:5      | Reached * piety under Vehumet
  5207 | D:5      | Offered knowledge of Sandblast by Vehumet.
  5522 | D:6      | Reached skill level 4 in Stealth
  5575 | D:6      | Reached skill level 5 in Dodging
  5772 | D:6      | Found a staircase to the Ecumenical Temple.
  5788 | Temple   | Entered the Ecumenical Temple
  5807 | Temple   | Reached skill level 8 in Conjurations
  5871 | D:6      | Noticed Grinder
  5996 | D:6      | Paralysed by Grinder for 5 turns
  6001 | D:6      | Killed Grinder
  6002 | D:6      | Reached skill level 3 in Translocations
  6002 | D:6      | Reached XP level 8. HP: 9/41 MP: 2/13
  6291 | D:6      | Reached skill level 9 in Conjurations
  6367 | D:6      | Reached skill level 4 in Translocations
  6848 | D:6      | Reached skill level 1 in Fighting
  6996 | D:7      | Noticed a hornet
  7013 | D:7      | Killed a hornet
  7014 | D:7      | Reached skill level 2 in Fighting
  7014 | D:7      | Reached skill level 10 in Conjurations
  7378 | D:7      | Reached XP level 9. HP: 37/48 MP: 10/15
  8060 | D:7      | Noticed Prince Ribbit
  8072 | D:7      | Reached skill level 4 in Spellcasting
  8085 | D:7      | Reached skill level 6 in Dodging
  8604 | D:7      | Reached skill level 3 in Fighting
  9030 | D:8      | Offered knowledge of Freeze by Vehumet.
  9036 | D:8      | Reached ** piety under Vehumet
  9090 | D:8      | Reached skill level 11 in Conjurations
  9196 | D:8      | Noticed Maurice
  9458 | D:8      | Killed Maurice
  9459 | D:8      | Reached skill level 4 in Fighting
  9459 | D:8      | Reached skill level 7 in Dodging
 10125 | D:9      | Noticed a troll
 10386 | D:9      | Reached XP level 10. HP: 57/57 MP: 7/17
 11052 | D:9      | Reached skill level 5 in Translocations
 11053 | D:9      | Noticed a gargoyle
 11302 | D:9      | HP: 5/58 [gargoyle/stone arrow (24)]
 11307 | D:9      | HP: 1/58 [gargoyle/stone arrow (28)]
 11541 | D:10     | Entered Level 10 of the Dungeon
 11807 | D:10     | Noticed a two-headed ogre
 11827 | D:10     | Killed a two-headed ogre
 11828 | D:10     | Reached skill level 5 in Fighting
 11828 | D:10     | Reached skill level 8 in Dodging
 11828 | D:10     | Reached skill level 12 in Conjurations
 12402 | D:10     | Noticed Harold
 12804 | D:10     | Noticed Joseph
 12821 | D:10     | Killed Joseph
 12821 | D:10     | Offered knowledge of Ignite Poison by Vehumet.
 12952 | D:10     | Learned a level 5 spell: Manifold Assault
 12977 | D:10     | Noticed Nergalle
 13521 | D:10     | Killed Prince Ribbit
 13522 | D:10     | Reached skill level 5 in Spellcasting
 14011 | D:11     | Found a staircase to the Lair.
 14028 | Lair:1   | Entered Level 1 of the Lair of Beasts
 14179 | D:11     | Reached XP level 11. HP: 30/64 MP: 12/19
 14651 | Lair:1   | Reached skill level 6 in Fighting
 14651 | Lair:1   | Reached skill level 9 in Dodging
 14651 | Lair:1   | Reached skill level 6 in Translocations
 14752 | Lair:1   | Reached *** piety under Vehumet
 14944 | Lair:1   | Reached skill level 6 in Spellcasting
 14944 | Lair:1   | Reached skill level 1 in Evocations
 15257 | Lair:1   | Offered knowledge of Hailstorm by Vehumet.
 15258 | Lair:1   | Reached skill level 2 in Evocations
 15523 | Lair:1   | Identified the +1 leather armour "Nomubb" {Dex+3}
 15612 | Lair:1   | Reached skill level 1 in Armour
 15945 | Lair:1   | Reached skill level 3 in Evocations
 15949 | Lair:1   | Reached skill level 7 in Translocations
 16145 | Lair:1   | Reached skill level 2 in Armour
 16399 | Lair:2   | Noticed Amaemon
 16978 | Lair:2   | Reached skill level 3 in Armour
 16982 | Lair:2   | Reached skill level 7 in Spellcasting
 16986 | Lair:2   | Reached skill level 4 in Evocations
 17623 | Lair:2   | Learned a level 5 spell: Fireball
 17719 | Lair:2   | Found a staircase to the Shoals.
 17725 | Lair:2   | Reached XP level 12. HP: 70/70 MP: 17/24
 17766 | Lair:2   | Reached **** piety under Vehumet
 17772 | Lair:2   | Reached skill level 1 in Fire Magic
 17772 | Lair:2   | Reached skill level 5 in Evocations
 17777 | Lair:2   | Offered knowledge of Irradiate by Vehumet.
 17781 | Lair:2   | Reached skill level 2 in Fire Magic
 18296 | Lair:3   | Found a hole to the Spider Nest.
 18457 | Lair:3   | Reached skill level 13 in Conjurations
 18633 | Lair:2   | HP: 7/70 [poisoned by a water moccasin]
 18637 | Lair:2   | HP: 3/70 [poisoned by a water moccasin]
 18992 | Lair:3   | Reached skill level 8 in Spellcasting
 18992 | Lair:3   | Reached skill level 3 in Fire Magic
 19512 | Lair:3   | Reached skill level 4 in Fire Magic
 20025 | Lair:3   | Identified the +3 robe of the Maze {rC+ rN+ Str-5 Int+4}
 20221 | Lair:3   | Reached skill level 5 in Fire Magic
 20424 | Lair:3   | Noticed Josephine
 20483 | Lair:3   | Killed Josephine
 20484 | Lair:3   | Reached skill level 14 in Conjurations
 20484 | Lair:3   | Reached skill level 5 in Stealth
 20953 | Lair:4   | Noticed a boulder beetle
 21155 | Lair:4   | Reached skill level 1 in Short Blades
 21285 | Lair:4   | Found a frozen archway.
 21317 | IceCv    | Entered an ice cave
 21328 | IceCv    | Reached ***** piety under Vehumet
 21330 | IceCv    | Reached skill level 2 in Short Blades
 21340 | IceCv    | Offered knowledge of Lightning Bolt by Vehumet.
 21524 | IceCv    | Learned a level 5 spell: Lightning Bolt
 22000 | IceCv    | Reached skill level 3 in Short Blades
 22000 | IceCv    | Reached skill level 6 in Stealth
 22029 | IceCv    | Reached skill level 7 in Fighting
 22029 | IceCv    | Reached XP level 13. HP: 60/76 MP: 6/26
 22270 | IceCv    | Found an ancient bone altar of Kikubaaqudgha.
 22277 | IceCv    | Reached skill level 10 in Dodging
 22443 | IceCv    | Reached skill level 4 in Short Blades
 22760 | IceCv    | Identified a +1 robe of resistance
 23549 | IceCv    | Reached skill level 7 in Stealth
 24177 | Lair:4   | Reached skill level 5 in Short Blades
 24204 | Lair:3   | Reached skill level 8 in Fighting
 25881 | Lair:4   | Reached skill level 6 in Short Blades
 26370 | Lair:4   | Found a staircase to the Slime Pits.
 26370 | Lair:4   | Found a viscous altar of Jiyva.
 26572 | Lair:4   | Reached skill level 7 in Short Blades
 26994 | Lair:3   | Reached skill level 8 in Short Blades
 27516 | Lair:4   | Reached skill level 9 in Short Blades
 27870 | Lair:5   | Entered Level 5 of the Lair of Beasts
 28279 | Lair:5   | Reached XP level 14. HP: 68/84 MP: 10/27
 28419 | Lair:4   | Offered knowledge of Flame Wave by Vehumet.
 28420 | Lair:4   | Reached skill level 10 in Short Blades
 28599 | Lair:5   | Reached skill level 11 in Dodging
 30123 | Lair:4   | Learned a level 4 spell: Flame Wave
 31265 | Lair:5   | Reached skill level 9 in Fighting
 32338 | Lair:2   | Killed Amaemon
 32822 | Lair:2   | Found a staircase to the Shoals.
 34074 | D:10     | Killed Nergalle
 34633 | D:10     | Killed Harold
 34634 | D:10     | Reached skill level 6 in Fire Magic
 36710 | D:12     | Reached skill level 15 in Conjurations
 36832 | D:11     | Reached skill level 9 in Spellcasting
 36957 | D:12     | Reached skill level 12 in Dodging
 37208 | D:12     | Found an opulent altar of Gozag.
 37543 | D:12     | Offered knowledge of Eringya's Noxious Bog by Vehumet.
 38158 | D:12     | Found a staircase to the Orcish Mines.
 38250 | D:12     | Noticed Sonja
 38388 | D:12     | Reached skill level 7 in Fire Magic
 38737 | D:12     | Identified 2 scrolls of acquirement
 38737 | D:12     | Acquired a book of the Spheres
 38739 | D:12     | Acquired the +6 quick blade "Kedius" {flame, rElec rC+ rN+
                  | Will+}
 39000 | D:12     | Killed Sonja
 39271 | D:13     | Reached XP level 15. HP: 71/90 MP: 14/29
 40067 | D:13     | Found a large runed translucent door.
 40067 | D:13     | Found a large runed translucent door.
 40639 | D:13     | Found a gate to the Vaults.
 41113 | D:13     | Learned a level 5 spell: Iskenderun's Battlesphere
 41231 | D:13     | Reached skill level 8 in Fire Magic
 41382 | Orc:1    | Entered Level 1 of the Orcish Mines
 41666 | Orc:1    | Offered knowledge of Spellforged Servitor by Vehumet.
 41669 | Orc:1    | Reached skill level 16 in Conjurations
 42140 | Orc:1    | Found Nuaniaf's Overcharged Wands.
 42317 | Orc:2    | Entered Level 2 of the Orcish Mines
 42323 | Orc:2    | Reached skill level 10 in Spellcasting
 43280 | Orc:2    | Found a staircase to the Elven Halls.
 43633 | Orc:2    | Found Catzishry's General Store.
 43740 | Orc:2    | Found Upsy's Magic Scroll Shoppe.
 44209 | Orc:2    | Bought a scroll of identify for 34 gold pieces
 44275 | Orc:2    | Learned a level 7 spell: Spellforged Servitor
 44481 | Orc:2    | Reached skill level 11 in Spellcasting
 44481 | Orc:2    | Reached skill level 1 in Summonings
 44604 | Orc:2    | Offered knowledge of Iron Shot by Vehumet.
 44717 | Orc:2    | Reached skill level 2 in Summonings
 44741 | Orc:2    | Reached skill level 3 in Summonings
 44899 | Orc:2    | Reached skill level 4 in Summonings
 45010 | Orc:2    | Reached skill level 5 in Summonings
 45038 | Orc:2    | Reached skill level 6 in Summonings
 45146 | Orc:2    | Found Dugek's Book Shop.
 45146 | Orc:2    | Found Qaizur's Antique Armour Boutique.
 45170 | Orc:2    | Found a one-way gate leading to the halls of Pandemonium.
 45174 | Orc:2    | Bought a heavy robe for 165 gold pieces
 45174 | Orc:2    | Identified the +0 robe "Menedwy" {Contam +Blink Fly Will+}
                  | (You bought it in a shop on level 2 of the Orcish Mines)
 45265 | Orc:2    | Bought a scroll of fear for 68 gold pieces
 45265 | Orc:2    | Bought a scroll of teleportation for 51 gold pieces
 45265 | Orc:2    | Bought a scroll of fear for 68 gold pieces
 45265 | Orc:2    | Bought a scroll of summoning for 161 gold pieces
 45265 | Orc:2    | Bought a scroll of blinking for 127 gold pieces
 45265 | Orc:2    | Bought a scroll of magic mapping for 127 gold pieces
 45265 | Orc:2    | Bought a scroll of magic mapping for 127 gold pieces
 45265 | Orc:2    | Bought a scroll of enchant armour for 127 gold pieces
 45267 | Orc:2    | Bought a potion of might for 60 gold pieces
 45267 | Orc:2    | Bought a wand of light (2) for 126 gold pieces
 45267 | Orc:2    | Bought a wand of flame (11) for 115 gold pieces
 45267 | Orc:2    | Bought a scroll of poison for 60 gold pieces
 45267 | Orc:2    | Bought a scroll of butterflies for 60 gold pieces
 45636 | D:13     | Reached skill level 7 in Summonings
 45748 | D:14     | Noticed Rupert
 45762 | D:14     | Killed Rupert
 46036 | D:14     | Reached skill level 8 in Summonings
 46071 | D:14     | Noticed Kirke
 46290 | D:14     | Killed Kirke
 46477 | D:14     | Reached skill level 9 in Summonings
 46477 | D:14     | Reached XP level 16. HP: 96/96 MP: 25/32
 46603 | D:14     | Found Alos's Weapon Emporium.
 46818 | D:14     | Found a transporter.
 47203 | D:14     | Found a transporter.
 47225 | D:14     | Found a transporter.
 47279 | D:14     | Reached skill level 10 in Summonings
 47387 | D:14     | Found a transporter.
 47480 | D:15     | Entered Level 15 of the Dungeon
 47578 | D:15     | Offered knowledge of Lee's Rapid Deconstruction by Vehumet.
 47582 | D:15     | Reached skill level 13 in Dodging
 48157 | D:15     | Found Hemuqu's Humungous Hoard.
 48162 | D:15     | Bought a potion of heal wounds for 85 gold pieces
 48162 | D:15     | Bought a +1 hat for 187 gold pieces
 49198 | D:15     | Found a staircase to the Depths.
 49434 | Spider:1 | Entered Level 1 of the Spider Nest
 49480 | Spider:1 | Reached skill level 9 in Fire Magic
 50314 | Spider:1 | Noticed Azrael
 50320 | Spider:1 | Killed Azrael
 50349 | Spider:1 | Reached ****** piety under Vehumet
 50513 | Spider:1 | Reached skill level 10 in Fighting
 50527 | Spider:1 | Offered knowledge of Lehudib's Crystal Spear by Vehumet.
 51153 | Spider:1 | Reached skill level 17 in Conjurations
 52467 | Spider:2 | Reached skill level 14 in Dodging
 52638 | Spider:2 | Reached skill level 10 in Fire Magic
 53226 | Spider:1 | Reached XP level 17. HP: 74/103 MP: 16/33
 53674 | Spider:2 | Reached skill level 11 in Fighting
 54149 | Spider:2 | Offered knowledge of Fire Storm by Vehumet.
 54149 | Spider:2 | Offered knowledge of Shatter by Vehumet.
 54149 | Spider:2 | Offered knowledge of Chain Lightning by Vehumet.
 55013 | Spider:2 | Reached skill level 15 in Dodging
 55015 | Spider:2 | Noticed Arachne
 55847 | Spider:2 | Killed Arachne
 56430 | Spider:2 | Reached skill level 12 in Fighting
 57168 | Spider:3 | Identified the +6 trident of Ewkarap {flame, Dex+4}
 57280 | Spider:3 | Identified a potion of resistance
 57591 | Spider:3 | Reached skill level 16 in Dodging
 59033 | Shoals:1 | Entered Level 1 of the Shoals
 60125 | Shoals:1 | Identified the ring of the Hundredfold Lovers {Int+3
                  | Slay+4}
 60144 | Shoals:1 | Reached skill level 12 in Spellcasting
 61299 | Shoals:2 | Identified Roxanne's Volume of the Geologist
 61299 | Shoals:2 | Noticed Roxanne
 62049 | Shoals:2 | Reached skill level 13 in Spellcasting
 62049 | Shoals:2 | Reached XP level 18. HP: 112/112 MP: 14/36
 62783 | Shoals:2 | Killed Roxanne
 62955 | Shoals:3 | Identified the +9 hand axe of an ice cave {vorpal, rElec
                  | Int-2 Dex+2}
 64638 | Shoals:3 | Learned a level 9 spell: Fire Storm
 64679 | Shoals:4 | Entered Level 4 of the Shoals
 64682 | Shoals:4 | Reached skill level 14 in Spellcasting
 65166 | Shoals:4 | Reached skill level 11 in Fire Magic
 66450 | Shoals:4 | Reached skill level 12 in Fire Magic
 66847 | Shoals:4 | Got a barnacled rune of Zot
 67498 | Shoals:4 | Noticed Ilsuiw
 67657 | Shoals:4 | Killed Ilsuiw
 67835 | Shoals:4 | Identified the +8 halberd of Wondrous Power {flame, rF-
                  | Int+9 SInv Stlth+}
 68082 | Shoals:4 | Reached skill level 13 in Fire Magic
 68428 | Shoals:4 | Noticed Polyphemus
 68448 | Shoals:4 | Killed Polyphemus
 69194 | Spider:4 | Entered Level 4 of the Spider Nest
 69200 | Spider:4 | Reached skill level 14 in Fire Magic
 70341 | Spider:4 | Reached XP level 19. HP: 107/116 MP: 14/38
 70652 | Spider:4 | Reached skill level 15 in Fire Magic
 71130 | Spider:4 | Lost strength.
 71615 | Spider:4 | Reached skill level 16 in Fire Magic
 71892 | Spider:4 | Identified the +0 hat of Touff {+Blink rN+ Dex+4 Stlth+}
 71907 | Spider:4 | Got a gossamer rune of Zot
 72291 | Vaults:1 | Entered Level 1 of the Vaults
 72366 | Vaults:1 | HP: 5/116 [ironbound frostheart/creeping frost (35)]
 72803 | Vaults:1 | You are cast into the Abyss!
 72803 | Abyss:3  | Cast into level 3 of the Abyss (a wizard)
 72966 | Abyss:3  | Noticed a hellephant
 73092 | Abyss:3  | Noticed a hellephant
 73096 | Abyss:3  | Paralysed by accursed screaming for 1 turns
 73128 | Abyss:3  | Killed a hellephant
 73159 | Abyss:3  | HP: 8/116 [starcursed mass/accursed screaming (7)]
 73163 | Abyss:3  | HP: 2/116 [starcursed mass/accursed screaming (7)]
 73164 | Abyss:3  | Killed from afar by a starcursed mass

Vanquished Creatures
  Arachne (Spider:2)
  Kirke (D:14)
  Roxanne (Shoals:2)
  Ilsuiw (Shoals:4)
  2 ghost moths
  2 emperor scorpions
  A broodmother (Spider:3)
  An ironbound preserver (D:12)
  A very ugly thing (D:15)
  3 spark wasps
  2 entropy weavers
  Azrael (Spider:1)
  9 merfolk impalers
  2 merfolk javelineers (Shoals:4)
  Josephine (Lair:3)
  A blizzard demon (Abyss:3)
  A yaktaur captain (Vaults:1)
  Harold (D:10)
  A great orb of eyes (D:15)
  A jorogumo (Spider:4)
  A rakshasa (D:15)
  5 hydras
  2 boulder beetles
  3 alligator snapping turtles
  4 two-headed ogres
  8 centaur warriors
  A merfolk avatar (Shoals:4)
  A demonspawn (Orc:2)
  A death yak (Shoals:4)
  A catoblepas (Shoals:4)
  2 satyrs
  3 merfolk aquamancers (Shoals:4)
  A thrashing horror (Abyss:3)
  A soul eater (D:11)
  3 orc high priests (Orc:2)
  Sonja (D:12)
  2 wretched stars (Abyss:3)
  Nergalle (D:10)
  4 starcursed masses (Abyss:3)
  2 pharaoh ants (Spider:2)
  Amaemon (Lair:2)
  A fire crab (Lair:4)
  9 sea snakes
  2 goliath frogs (Lair:5)
  3 orb spiders
  18 wolf spiders
  A necromancer (IceCv)
  3 steelbarb worms
  10 harpies
  7 orc knights
  7 manticores
  7 cyclopes
  24 ugly things
  2 fauns
  11 orc sorcerers (Orc:2)
  A moth of wrath (Spider:4)
  15 elephants
  An ice statue (IceCv)
  4 water nymphs
  7 merfolk sirens
  Maurice (D:8)
  6 black mambas
  A rust devil (D:12)
  2 smoke demons
  Joseph (D:10)
  2 torpor snails (Spider:3)
  A cane toad (shapeshifter) (D:13)
  3 gargoyles
  3 orange demons
  A komodo dragon (shapeshifter) (D:15)
  A yaktaur (Vaults:1)
  25 cane toads
  3 hellwings
  2 efreet
  8 demonic crawlers
  8 komodo dragons
  13 ice devils (IceCv)
  3 freezing wraiths (IceCv)
  A tengu simulacrum (Vaults:1)
  A queen bee (Spider:2)
  A red devil (Orc:2)
  2 human skeletons (Vaults:1)
  9 meliai
  2 hornets
  30 merfolk
  7 trolls
  Grinder (D:6)
  2 tyrant leeches (Lair:5)
  27 tarantellas
  5 wind drakes
  29 blink frogs
  Prince Ribbit (D:10)
  16 slime creatures
  5 snapping turtles
  4 dream sheep
  13 culicivoras
  15 jumping spiders
  3 water elementals
  2 dire elephant simulacra (IceCv)
  A ynoxinul (Abyss:3)
  9 wraiths
  5 wyverns
  38 yaks
  4 fire elementals
  3 hogs (D:13)
  3 basilisks
  2 steam dragons (D:9)
  7 vampire mosquitoes
  50 redbacks
  2 chaos spawn
  A neqoxec (D:12)
  4 death yak simulacra (IceCv)
  A harpy simulacrum (IceCv)
  3 wargs
  3 swamp worms (Lair:1)
  5 acid dragons
  10 water moccasins
  2 hydra simulacra (IceCv)
  A nameless horror (Spider:3)
  31 orc warriors
  2 black bears (D:6)
  14 wolves
  4 boggarts (Vaults:1)
  5 ogres
  10 centaurs
  14 bullfrogs
  A kobold brigand (D:10)
  2 necrophages
  An earth elemental (D:13)
  A gnoll sergeant (D:10)
  5 scorpions
  A two-headed ogre simulacrum (IceCv)
  3 cane toad simulacra (IceCv)
  4 wights (D:8)
  22 killer bees
  6 elephant simulacra (IceCv)
  6 howler monkeys
  7 jellies
  4 electric eels
  3 quasits (D:12)
  5 hounds
  19 orc priests
  Terence (D:3)
  A gnoll bouda (D:9)
  16 orc wizards
  7 iguanas
  2 troll simulacra (IceCv)
  5 polar bear simulacra (IceCv)
  2 wolf simulacra (IceCv)
  8 gnolls
  6 adders
  A naga simulacrum (IceCv)
  2 shadow imps (D:5)
  14 white imps
  An ufetubus (IceCv)
  3 worms
  3 dart slugs
  76 orcs
  5 bats
  3 endoplasms
  7 giant cockroaches
  3 goblins
  7 hobgoblins
  2 quokkas (D:2)
  5 ball pythons
  4 frilled lizards
  11 kobolds
  4 rats
998 creatures vanquished.

Vanquished Creatures (collateral kills)
  A hellephant (Abyss:3)
  Rupert (D:14)
  Polyphemus (Shoals:4)
  A tentacled starspawn (Abyss:3)
  9 emperor scorpions
  A ghost moth (Spider:4)
  A vault warden (Vaults:1)
  An ironbound preserver (Vaults:1)
  A broodmother (Spider:2)
  A very ugly thing (Abyss:3)
  An entropy weaver (Spider:3)
  A merfolk javelineer (Shoals:4)
  A merfolk impaler (Shoals:4)
  An ironbound frostheart (Vaults:1)
  A centaur warrior (D:15)
  2 jorogumos
  A rakshasa (D:15)
  2 alligator snapping turtles
  2 merfolk avatars
  2 merfolk aquamancers (Shoals:4)
  A radroach (Spider:3)
  A death yak (Shoals:4)
  A wretched star (Abyss:3)
  2 pharaoh ants (Spider:4)
  6 steelbarb worms
  5 sea snakes
  3 orb spiders
  A harpy (Shoals:2)
  2 deep elf pyromancers (D:15)
  8 wolf spiders
  5 ugly things
  A cyclops (Shoals:3)
  2 slime creatures (D:15)
  2 fauns (Shoals:3)
  A moth of wrath (Spider:3)
  2 merfolk sirens
  3 manticores
  4 vault sentinels (Vaults:1)
  A water nymph (Shoals:4)
  3 torpor snails
  An orange demon (Abyss:3)
  2 demonic crawlers
  A yaktaur (Vaults:1)
  A freezing wraith (D:15)
  A tormentor (Abyss:3)
  An ancient zyme (Abyss:3)
  A troll (D:15)
  9 merfolk
  7 tarantellas
  A wind drake (Shoals:1)
  5 dream sheep
  A dream sheep (shapeshifter) (D:15)
  4 snapping turtles
  3 culicivoras (Spider:1)
  6 starcursed masses (Abyss:3)
  15 jumping spiders
  A water elemental (Shoals:2)
  2 fire elementals (Spider:1)
  11 redbacks
  2 small abominations (Abyss:3)
  3 hell hounds (Spider:1)
  4 centaurs (D:15)
  A hornet simulacrum (D:15)
  An orc priest (D:15)
  2 orcs (D:15)
  2 starspawn tentacles (Abyss:3)
174 creatures vanquished.

Vanquished Creatures (others)
  A centaur warrior (D:14)
  An air elemental (D:13)
  A water elemental (D:13)
  2 bushes
  4 demonic plants (D:12)
  66 fungi
  185 plants
  3 starspawn tentacles (Abyss:3)
263 creatures vanquished.

Grand Total: 1435 creatures vanquished

Table legend: (Time is in decaauts)
 A = Elapsed time spent in this place.
 B = Non-inter-level travel time spent in this place.
 C = Inter-level travel time spent in this place.
 D = Time resting spent in this place.
 E = Time spent auto-exploring this place.
 F = Levels seen in this place.
 G = Mean time per level.
                   A        B        C        D        E       F      G
               +--------+--------+--------+--------+--------+-----+--------+
         Total |  70848 |  66732 |   4116 |  22083 |  35226 |  34 | 2083.8 |
       Dungeon |  26670 |  25105 |   1565 |   7397 |  14467 |  15 | 1778.0 |
        Temple |    430 |    430 |      0 |    397 |      0 |   1 |  430.0 |
          Lair |  16718 |  15720 |    998 |   4991 |   8264 |   5 | 3343.6 |
        Shoals |   9026 |   8765 |    261 |   2960 |   4869 |   4 | 2256.5 |
   Spider Nest |  11760 |  10708 |   1052 |   5038 |   4321 |   4 | 2940.0 |
  Orcish Mines |   3302 |   3064 |    238 |    541 |   2126 |   2 | 1651.0 |
        Vaults |    137 |    137 |      0 |      0 |      0 |   1 |  137.0 |
         Abyss |    328 |    328 |      0 |    104 |      0 |   1 |  328.0 |
      Ice Cave |   2473 |   2473 |      0 |    653 |   1176 |   1 | 2473.0 |
               +--------+--------+--------+--------+--------+-----+--------+

Top non-repeatable levels by time:
Spider:1: 5101 daAuts
  Lair:3: 4557 daAuts
  Lair:2: 3795 daAuts
Shoals:3: 3549 daAuts
  Lair:4: 3531 daAuts
    D:13: 3443 daAuts
Spider:3: 3094 daAuts
    D:10: 2951 daAuts
    D:12: 2620 daAuts
    D:11: 2529 daAuts
   IceCv: 2473 daAuts
  Lair:5: 2427 daAuts
  Lair:1: 2406 daAuts
     D:8: 2376 daAuts
Spider:2: 2335 daAuts

Table legend:
 A = Non-vault XP
 B = Vault XP
 C = Vault XP percentage of total XP
 D = Non-vault monster count
 E = Vault monster count
 F = Vault count percentage of total count
                 A         B        C        D         E       F
            +---------+---------+-------+---------+---------+-------
      Total |  213661 |  148489 |  41.0 |     767 |     403 |  34.4
            +---------+---------+-------+---------+---------+-------
        D:1 |      37 |       0 |   0.0 |      20 |       0 |   0.0
        D:2 |      30 |       0 |   0.0 |      17 |       0 |   0.0
        D:3 |      48 |      38 |  44.2 |      13 |       1 |   7.1
        D:4 |     245 |       0 |   0.0 |      12 |       0 |   0.0
        D:5 |     420 |       3 |   0.7 |      15 |       1 |   6.2
        D:6 |     806 |     295 |  26.8 |      10 |       1 |   9.1
        D:7 |     823 |       0 |   0.0 |      18 |       0 |   0.0
        D:8 |    1003 |     457 |  31.3 |      24 |       1 |   4.0
        D:9 |    2643 |     749 |  22.1 |      22 |       4 |  15.4
       D:10 |    2339 |    2329 |  49.9 |      17 |       4 |  19.0
       D:11 |    1897 |    1229 |  39.3 |      16 |       2 |  11.1
       D:12 |    6071 |    4665 |  43.5 |      25 |      13 |  34.2
       D:13 |    6982 |    4631 |  39.9 |      20 |      12 |  37.5
       D:14 |   11926 |    3276 |  21.5 |      23 |       2 |   8.0
       D:15 |   11777 |    5900 |  33.4 |      34 |      10 |  22.7
     Temple |     101 |       0 |   0.0 |       3 |       0 |   0.0
     Lair:1 |    5494 |    1551 |  22.0 |      25 |      10 |  28.6
     Lair:2 |    3875 |    2487 |  39.1 |      20 |       7 |  25.9
     Lair:3 |   11523 |    2701 |  19.0 |      30 |      15 |  33.3
     Lair:4 |    5945 |    2596 |  30.4 |      20 |      23 |  53.5
     Lair:5 |    4886 |   10021 |  67.2 |      19 |      31 |  62.0
   Shoals:1 |    9749 |       0 |   0.0 |      21 |       0 |   0.0
   Shoals:2 |   12126 |    1345 |  10.0 |      26 |       1 |   3.7
   Shoals:3 |   14466 |       0 |   0.0 |      29 |       0 |   0.0
   Shoals:4 |   16567 |   28324 |  63.1 |      35 |      45 |  56.2
   Spider:1 |   14412 |    4434 |  23.5 |      41 |      12 |  22.6
   Spider:2 |   18303 |   15211 |  45.4 |      51 |      42 |  45.2
   Spider:3 |   16691 |    3655 |  18.0 |      46 |       7 |  13.2
   Spider:4 |   10847 |   19950 |  64.8 |      19 |      40 |  67.8
      Orc:1 |    2826 |       0 |   0.0 |      31 |       0 |   0.0
      Orc:2 |    5056 |   13535 |  72.8 |      31 |      57 |  64.8
   Vaults:1 |    8104 |    1660 |  17.0 |      17 |       3 |  15.0
    Abyss:3 |    5643 |    7223 |  56.1 |      17 |       8 |  32.0
      IceCv |       0 |   10224 | 100.0 |       0 |      51 | 100.0
            +---------+---------+-------+---------+---------+-------
